 Dungeon Crawl Stone Soup version 0.26-a0-651-gb41185065b (webtiles) character file.

Game seed: 7816308497750448624

18 Lanoc the Shield-Bearer (level 2, -1/24 HPs)
             Began as a Formicid Fighter on Oct 7, 2020.
             Slain by Natasha (4 damage)
             ... on level 3 of the Dungeon.
             The game lasted 00:00:37 (433 turns).

Lanoc the Shield-Bearer (Formicid Fighter)           Turns: 433, Time: 00:00:38

Health: -1/24      AC:  6    Str: 20    XL:     2   Next: 90%
Magic:  2/2        EV:  8    Int:  7    God:
Gold:   43         SH:  9    Dex: 10    Spells: 1/1 levels left

rFire    . . .     SeeInvis +   a - +0 long sword
rCold    . . .     Faith    .   c - +0 kite shield
rNeg     . . .     Spirit   .   b - +0 scale mail
rPois    .         Reflect  .   (helmet unavailable)
rElec    .         Harm     .   (no cloak)
rCorr    .         Rampage  .   (no gloves)
MR       .....                  (no boots)
Stlth    ..........             (no amulet)
HPRegen  0.08/turn              (no ring)
MPRegen  0.08/turn              (no ring)

@: mighty
A: permanent stasis, dig shafts and tunnels, four strong arms, antennae 3
a: Dig, Shaft Self


You were on level 3 of the Dungeon.
You visited 1 branch of the dungeon, and saw 3 of its levels.

You collected 43 gold pieces.

Inventory:

Hand Weapons
 a - a +0 long sword (weapon)
Armour
 b - a +0 scale mail (worn)
 c - a +0 kite shield (worn)


   Skills:
 + Level 3.5 Fighting
 * Level 2.3 Long Blades
 + Level 3.4 Armour
 + Level 0.5 Dodging
 + Level 3.8 Shields


You had one spell level left.
You didn't know any spells.
Your spell library was empty.

Dungeon Overview and Level Annotations

Branches:
Dungeon (3/15)

Altars:

Annotations:
D:3 Natasha


Innate Abilities, Weirdness & Mutations

You cannot be hasted, slowed, berserked, paralysed or teleported.
You can dig through walls and to a lower floor.
Your four strong arms can wield two-handed weapons with a shield.
You have a pair of large antennae on your head. (SInv)


Message History

Natasha stares at you and mumbles some strange words.
You resist with significant effort. Natasha casts a spell at you.
Your stasis prevents you from being slowed.
You closely miss Natasha. Natasha claws you.
Your shield and scale mail prevent you from hitting Natasha.
You block Natasha's attack. Natasha claws you.
You barely miss Natasha.
Natasha stares at you and mumbles some strange words.
The magic dart hits you!
You are too injured to fight recklessly!
You are too injured to fight recklessly!
It was a potion of haste.
Your stasis prevents you from being hasted.
Natasha claws you.
* * * LOW HITPOINT WARNING * * *
You feel very mighty all of a sudden. You block Natasha's attack.
You barely miss Natasha. Natasha claws you.
You die...

### # #..
####.##.########
.........@h....+
###.##.########
#......#
#..#.#.#
#<.....#
########


You could see Natasha.

Vanquished Creatures
  An adder (D:2)
  A bat (D:2)
  A giant cockroach (D:2)
  A goblin (D:2)
  2 jackals (D:2)
  A quokka (D:2)
  2 rats (D:2)
9 creatures vanquished.

Notes
Turn   | Place    | Note
-------+----------+-------------------------------------------
     0 | D:1      | Lanoc the Formicid Fighter began the quest for the Orb.
     0 | D:1      | Reached XP level 1. HP: 18/18 MP: 1/1
     1 | D:1      | Noticed a formicid
     3 | D:1      | Noticed an elf
     7 | D:1      | Noticed a dwarf
    13 | D:1      | Noticed a gargoyle
    15 | D:1      | Noticed a minotaur skeleton
    17 | D:1      | Noticed a minotaur zombie
    19 | D:1      | Noticed a minotaur skeleton
    55 | D:2      | Reached XP level 2. HP: 8/24 MP: 2/2
   425 | D:3      | Noticed Natasha
   433 | D:3      | Slain by Natasha

Illustrated notes

Levels and vault maps discovered:
D:1:      shiori_arrival_whats_in_store_for_you, layout_loops_ring,
          corexii_hall_statues_l
D:2:      cheibrodos_helix_gallery, layout_loops_ring, minmay_misc_feat_square
D:3:      layout_basic, lemuel_crystal_altar, grunt_temple_overflow_open,
          serial_glass, glass_columns_a, glass_columns_b,
          kennysheep_generic_room_11, uniq_natasha

Action                   || total
-------------------------++-------
Melee: Long sword        ||    29
  Use: Potion            ||     2
Armor: Scale mail        ||    13
Dodge: Dodged            ||    11
Block: Kite shield       ||    20
       Rpst.: Long sword ||     2

Table legend: (Time is in decaauts)
 A = Elapsed time spent in this place.
 B = Non-inter-level travel time spent in this place.
 C = Inter-level travel time spent in this place.
 D = Time resting spent in this place.
 E = Time spent auto-exploring this place.
 F = Levels seen in this place.
 G = Mean time per level.
                   A        B        C        D        E       F      G
               +--------+--------+--------+--------+--------+-----+--------+
         Total |    443 |    441 |      2 |      0 |    365 |   3 |  147.7 |
       Dungeon |    443 |    441 |      2 |      0 |    365 |   3 |  147.7 |
               +--------+--------+--------+--------+--------+-----+--------+

Top non-repeatable levels by time:
     D:2: 402 daAuts
     D:1: 30 daAuts
     D:3: 11 daAuts
